 Dungeon Crawl Stone Soup version 0.18-a0-960-g77c8fc5 (webtiles) character file.

1166 Duffy the Fighter (level 8, -19/74 HPs)
             Began as a Red Draconian Assassin on Dec 31, 2015.
             Was a Follower of Cheibriados.
             Demolished by a tentacled starspawn (36 damage)
             ... on level 1 of the Abyss.
             The game lasted 00:07:57 (6345 turns).

Duffy the Fighter (Red Draconian Assassin)          Turns: 6345, Time: 00:07:57

Health: -19/74     AC:  7    Str: 18    XL:     8   Next: 17%
Magic:  10/10      EV: 14    Int: 13    God:    Cheibriados [*.....]
Gold:   475        SH:  0    Dex: 15    Spells: 0 memorised, 7 levels left

rFire  + + .     SeeInvis .     a - +3 dagger (elec)
rCold  . . .     Gourm    +     (armour unavailable)
rNeg   . . .     Faith    .     (no shield)
rPois  .         Spirit   .     (helmet restricted)
rElec  .         Dismiss  .     y - +0 cloak "Raomade" {rF+ Slay+4}
rCorr  .         Reflect  .     (no gloves)
SustAt .         Harm     .     (no boots)
MR     .....                    u - amulet of the gourmand
Stlth  ++++......               (no ring)
                                G - ring of stealth

@: very slow, not resistant to hostile enchantments, stealthy
A: breathe fire, unfitting armour, fire resistance 1, cold-blooded, AC +6
a: Breathe Fire, Bend Time, Renounce Religion


You were on level 1 of the Abyss.
You worshipped Cheibriados.
Cheibriados was aware of your devotion.
You were not hungry.

You visited 1 branch of the dungeon, and saw 7 of its levels.
You visited the Abyss 1 time.

You collected 475 gold pieces.


Innate Abilities, Weirdness & Mutations

You can breathe blasts of fire.
Your fiery red scales are hard (AC +6).
Your body does not fit into most forms of armour.
Your flesh is heat resistant.
You are cold-blooded and may be slowed by cold attacks.


   Skills:
 - Level 8.0 Fighting
 - Level 2.0 Short Blades
 - Level 1.8 Throwing
 + Level 3.6 Dodging
 - Level 5.0 Stealth
 + Level 3.6 Evocations


You had 7 spell levels left.
You didn't know any spells.

Inventory:

Hand Weapons
 a - a +3 dagger of electrocution (weapon)
 b - a +0 blowgun
 C - a +2 dagger
 N - a +1 vampiric rapier
Missiles
 d - 80 poisoned needles
 e - 2 curare-tipped needles
 B - a throwing net (quivered)
Armour
 c - a +0 cloak
 l - a +0 pair of boots
 y - the +0 cloak "Raomade" (worn) {rF+ Slay+4}

   It affects your accuracy and damage with ranged weapons and melee attacks
   (+4).
   It protects you from fire.
Jewellery
 u - an amulet of the gourmand (around neck)
 G - a ring of stealth (left hand)
Wands
 I - a wand of frost (10/48)
 J - a wand of paralysis (10/24)
 L - a wand of cold (6/15)
Scrolls
 g - 3 scrolls of identify
 k - 4 scrolls of enchant weapon
 r - 2 scrolls of teleportation
 s - 2 scrolls of fear
 w - a scroll of recharging {unknown}
 x - 5 scrolls of remove curse
 D - a scroll of magic mapping {unknown}
 F - a scroll of amnesia {unknown}
 K - a scroll of noise {unknown}
Potions
 h - 3 potions of might
 j - 4 potions of curing
 n - 2 potions of agility
 o - 2 potions of invisibility {unknown}
 q - 2 potions of degeneration {unknown}
 v - 2 potions of resistance {unknown}
 z - a potion of ambrosia {unknown}
 A - 2 potions of heal wounds
 H - a potion of berserk rage {unknown}
 M - a potion of brilliance {unknown}
Books
 i - a book of Fire
 E - an Akashic Record
Comestibles
 f - 6 bread rations
 m - a fruit
 p - 6 meat rations
 t - a slice of pizza

Dungeon Overview and Level Annotations

Branches:
Dungeon (7/15)
 Temple: D:4-7

Altars:
Cheibriados
Fedhas
Gozag
Kikubaaqudgha
Okawaru
Pakellas
Trog
Vehumet
Xom
The Shining One

Annotations:
D:7 Duffy's ghost, novice DEBe


Message History

A tentacled starspawn bursts from nowhere!
You see here 28 gold pieces.
You now have 475 gold pieces (gained 28).
Tentacles burst from the starspawn's body! 2 starspawn tentacles come into view.
You hit the tentacled starspawn but do no damage.
The tentacled starspawn bites you!!
The tentacled starspawn engulfs you but does no damage.
You hit the tentacled starspawn.
There is a sudden explosion of sparks!
You tail-slap the tentacled starspawn.
The tentacled starspawn is moderately damaged.
A tentacle flies out from the starspawn's body!
A starspawn tentacle comes into view.
You hit the tentacled starspawn.
There is a sudden explosion of sparks!
The tentacled starspawn is heavily damaged.
The tentacled starspawn misses you.
The tentacled starspawn closely misses you.
You hit the tentacled starspawn. You tail-slap the tentacled starspawn.
The tentacled starspawn is heavily damaged.
The tentacled starspawn bites you. The tentacled starspawn engulfs you!
You are too injured to fight recklessly!
You are too injured to fight recklessly!
You are too injured to fight recklessly!
You hit the tentacled starspawn but do no damage.
The tentacled starspawn is heavily damaged.
The tentacled starspawn closely misses you.
The tentacled starspawn engulfs you!
You hit the tentacled starspawn. You tail-slap the tentacled starspawn.
The tentacled starspawn is heavily damaged.
The tentacled starspawn closely misses you. x2
You hit the tentacled starspawn.
There is a sudden explosion of sparks!
The tentacled starspawn is severely damaged.
The starspawn tentacle completely misses you.
The tentacled starspawn bites you!!!
You die...

#. .# #. ..
..# #. #.# .
#.| #.# #.|#
#.. ####.
#wX###># ..#
.# #@w-###..
# .
##.....### #
#.....##..##.
##....##.## .
#....#.# ...
#.#.#.#.. .
#.##..#...##
#..###.## #
##. ### .


You could see a tentacled starspawn and 2 starspawn tentacles.

Action                   |  1- 3 |  4- 6 |  7- 9 || total
-------------------------+-------+-------+-------++-------
Melee: Dagger            |   108 |   247 |    63 ||   418
 Fire: Blowgun           |     9 |    36 |    15 ||    60
  Use: Scroll            |       |       |     9 ||     9
 Stab: Sleeping          |     9 |    12 |     3 ||    24
  Eat: Chunk             |     1 |    19 |     5 ||    25

Notes
Turn   | Place    | Note
--------------------------------------------------------------
     0 | D:1      | Duffy the Draconian Assassin began the quest for the Orb.
     0 | D:1      | Reached XP level 1. HP: 17/17 MP: 1/1
   199 | D:1      | Reached skill level 4 in Stealth
   340 | D:1      | Reached XP level 2. HP: 21/24 MP: 2/2
   860 | D:2      | Reached XP level 3. HP: 25/29 MP: 3/3
   982 | D:2      | Found a faded altar to an unknown god.
   997 | D:2      | Reached skill level 5 in Stealth
  1224 | D:2      | Reached XP level 4. HP: 37/37 MP: 4/4
  1346 | D:2      | Reached skill level 3 in Fighting
  1498 | D:2      | Found an iron altar of Okawaru.
  1715 | D:2      | Found an ancient bone altar of Kikubaaqudgha.
  1715 | D:2      | Found a glowing golden altar of the Shining One.
  1978 | D:2      | Reached skill level 4 in Fighting
  2068 | D:2      | Reached XP level 5. HP: 43/46 MP: 5/5
  2734 | D:3      | Reached skill level 5 in Fighting
  3440 | D:4      | Found a blossoming altar of Fedhas.
  3480 | D:4      | Got a blackened cloak
  3491 | D:4      | Identified the +0 cloak "Raomade" {rF+ Slay+4} (You found it on level 4 of the Dungeon)
  3556 | D:4      | Reached XP level 6. HP: 52/57 MP: 6/6
  3818 | D:5      | Entered Level 5 of the Dungeon
  3850 | D:5      | Found a shimmering altar of Xom.
  3867 | D:5      | Reached skill level 6 in Fighting
  4088 | D:5      | Reached skill level 7 in Fighting
  4581 | D:5      | Found an oddly glowing altar of Pakellas.
  4581 | D:5      | Found a radiant altar of Vehumet.
  4693 | D:6      | Gained mutation: Your flesh is heat resistant. [Red Draconian growth]
  4693 | D:6      | Reached XP level 7. HP: 54/67 MP: 7/7
  4783 | D:6      | Found a snail-covered altar of Cheibriados.
  4795 | D:6      | Reached skill level 8 in Fighting
  4842 | D:6      | Became a worshipper of Cheibriados the Contemplative
  4889 | D:6      | Reached skill level 1 in Dodging
  5048 | D:6      | Reached skill level 2 in Dodging
  5048 | D:6      | Reached skill level 1 in Evocations
  5051 | D:6      | Reached skill level 2 in Evocations
  5169 | D:6      | Found a bloodstained altar of Trog.
  5749 | D:7      | Reached skill level 3 in Dodging
  5938 | D:7      | Reached skill level 3 in Evocations
  5938 | D:7      | Reached XP level 8. HP: 33/74 MP: 10/10
  5945 | D:7      | Reached * piety under Cheibriados
  6180 | D:7      | Noticed Duffy's ghost (novice DEBe)
  6190 | D:7      | Found an opulent altar of Gozag.
  6279 | D:7      | Cast into level 1 of the Abyss (Duffy's ghost)
  6335 | Abyss:1  | Noticed a tentacled starspawn
  6345 | Abyss:1  | Demolished by a tentacled starspawn

Vault maps used:
D:1:      eino_arrival_water_cross, minivault_5, grunt_decor_cap
D:2:      okawaru_altar_gauntlet_db, gammafunk_temple_overflow_pools,
          first_bread, ecumenical_altar_2, minmay_rats_cheesy_pizza
D:3:      mrwooster_statue_mirror
D:4:      fedhas_altar_2
D:5:      old_standard_altar, gammafunk_temple_overflow_elements,
          minmay_misc_feat_doors, minmay_misc_feat_nine_boxes
D:6:      basic_altar, trog_three_pillars_becter
D:7:      lemuel_ratsnest, nicolae_gozag_seed_capital,
          minmay_temple_entry_trees, minmay_statues_item

Vanquished Creatures
  An ice beast
  An orc warrior
  A black bear
  An ogre
  A centaur
  A water moccasin skeleton
  A giant frog zombie
  3 orc priests
  4 orc wizards
  A hound
  3 iguanas
  3 worker ants
  2 hound skeletons
  11 adders
  A gnoll
  An adder skeleton
  3 worms
  3 giant geckos
  8 orcs
  8 bats
  3 giant cockroaches
  8 goblins
  12 hobgoblins
  2 jackals
  12 kobolds
  3 quokkas
  3 ball pythons
  7 giant newts
  A jackal skeleton
  40 rats
  A starspawn tentacle
  38 starspawn tentacle segments
188 creatures vanquished.
